 Dungeon Crawl Stone Soup version 0.29-a0-723-gce39da1c22 (webtiles) character file.

Game seed: 16658981806683900167

520134 dolemite99 the Warrior (level 24, -2/206 HPs)
             Began as a Demonspawn Gladiator on June 28, 2022.
             Was a Believer of Trog.
             Killed from afar by a yellow draconian (20 damage)
             ... with a glob of acid
             ... led by a white draconian stormcaller
             ... on level 1 of the Realm of Zot on June 29, 2022.
             The game lasted 02:12:17 (89108 turns).

dolemite99 the Warrior (Demonspawn Gladiator)      Turns: 89108, Time: 02:12:18

Health: -2/206     AC: 36    Str: 24      XL:     24   Next: 8%
Magic:  0/23       EV: 12    Int:  9 (10) God:    Trog [**....]
Gold:   3009       SH: 19    Dex: 16 (17) Spells: 23/23 levels left

rFire   + + .      SeeInvis .   b - +5 broad axe (drain)
rCold   + + +      Faith    .   x - +1 kite shield {rC+}
rNeg    + + .      Spirit   +   o - +8 gold dragon scales
rPois   +          Reflect  +   (helmet unavailable)
rElec   +          Harm     .   G - +0 cloak "Reutum" {rF+}
rCorr   .          Rampage  .   (no gloves)
Will    ++...                   P - +0 pair of boots "Penuc" {rPois rN+}
Stlth   ..........              t - amulet of reflection
HPRegen 0.44/turn               h - ring "Wuits" {rElec rC++ rN+ Will+}
MPRegen 0.36/turn               c - +4 ring of evasion {=R}

@: on berserk cooldown, studying 2 skills
A: horns 3, thin metallic scales 3, spiny 3, magic shield, magic regeneration,
black mark, bedeviling
}: 3/15 runes: barnacled, silver, gossamer
a: Renounce Religion, Berserk, Trog's Hand


You were on level 1 of the Realm of Zot.
You worshipped Trog.
Trog was pleased with you.
You visited 9 branches of the dungeon, and saw 44 of its levels.
You also visited: Ice Cave.

You collected 6557 gold pieces.
You spent 3548 gold pieces at shops.

Inventory:

Hand Weapons
 a - the +8 flail of the Hierophant {vamp, Fly rPois Stlth+}
   (You found it on level 13 of the Dungeon)

   It occasionally heals its wielder for a portion of the damage dealt when it
   wounds a living foe.
   rPois:     It protects you from poison.
   Fly:       It grants you flight.
   Stlth:     It makes you more stealthy.
 b - a +5 broad axe of draining (weapon)
Missiles
 k - 5 javelins
 w - 5 silver javelins
 C - 20 boomerangs (quivered)
 L - 5 throwing nets
Armour
 o - +8 gold dragon scales (worn)
 x - a +1 kite shield of cold resistance (worn)
 G - the +0 cloak "Reutum" (worn) {rF+}
   (You bought it in a shop on level 8 of the Dungeon)

   rF:        It protects you from fire.
 P - the +0 pair of boots "Penuc" (worn) {rPois rN+}
   (You bought it in a shop on level 2 of the Elven Halls)

   rPois:     It protects you from poison.
   rN:        It protects you from negative energy.
Jewellery
 c - a +4 ring of evasion (right hand) {=R}
 e - a ring of resist corrosion
 h - the ring "Wuits" (left hand) {rElec rC++ rN+ Will+}
   (You found it on level 4 of the Vaults)

   [ring of willpower]

   rC:        It greatly protects you from cold.
   rElec:     It insulates you from electricity.
   rN:        It protects you from negative energy.
   Will:      It increases your willpower.
 r - the ring of Cheibriados's Grace {rPois rC+ rN+ Will+ Int-3}
   (You took it off a deep elf blademaster on level 3 of the Elven Halls)

   [ring of protection from cold]

   Int:       It affects your intelligence (-3).
   rC:        It protects you from cold.
   rPois:     It protects you from poison.
   rN:        It protects you from negative energy.
   Will:      It increases your willpower.
 t - an amulet of reflection (around neck)
 y - a ring of magical power
 D - a ring of protection from fire
 K - a +6 ring of intelligence
 M - a ring of poison resistance
 X - the ring of Hicluc {Fly rC+ Str-3 Int+6 Dex+3}
   (You found it on level 2 of the Depths)

   [ring of intelligence]

   Str:       It affects your strength (-3).
   Int:       It affects your intelligence (+6).
   Dex:       It affects your dexterity (+3).
   rC:        It protects you from cold.
   Fly:       It grants you flight.
Wands
 d - a wand of charming (4)
 f - a wand of digging (1)
 l - a wand of mindburst (18)
 I - a wand of polymorph (13)
 W - a wand of iceblast (14)
Scrolls
 i - 6 scrolls of teleportation
 q - a scroll of noise
 s - 3 scrolls of poison
 v - 9 scrolls of vulnerability
 B - a scroll of magic mapping
 O - 21 scrolls of identify {@r1}
 Q - 2 scrolls of silence
 U - 7 scrolls of blinking
 Y - 3 scrolls of fear
 Z - 2 scrolls of fog
Potions
 j - 3 potions of ambrosia
 n - 2 potions of might
 p - 6 potions of attraction
 u - a potion of curing
 z - 9 potions of lignification
 E - 11 potions of mutation
 F - 2 potions of cancellation
 H - 10 potions of flight
 N - 9 potions of berserk rage
 R - 8 potions of magic
 S - 10 potions of brilliance
 T - 6 potions of haste
Miscellaneous
 g - a tin of tremorstones (2/2)
 m - a lightning rod (inert)
 A - a phantom mirror (inert)
 J - a phial of floods (inert)
 V - a box of beasts (inert)


   Skills:
 + Level 20.8 Fighting
 - Level 15.2(18.0) Axes
 - Level 15.8(18.4) Maces & Flails
 - Level 3.5(10.9) Staves
 - Level 14.7 Throwing
 - Level 16.0 Armour
 - Level 9.0 Dodging
 - Level 14.8 Shields
 - Level 18.0 Evocations


You had 23 spell levels left.
You didn't know any spells.
Your spell library contained the following spells:

 Spells                   Type           Power      Damage    Failure   Level
 Apportation              Tloc           0%         N/A       100%        1
 Magic Dart               Conj           0%         1d3       100%        1
 Poisonous Vapours        Pois/Air       0%         N/A       100%        2
 Searing Ray              Conj           0%         2d4       100%        2
 Call Canine Familiar     Summ           0%         N/A       100%        3
 Gell's Gravitas          Tloc           0%         N/A       100%        3
 Lesser Beckoning         Tloc           0%         N/A       100%        3
 Portal Projectile        Hex/Tloc       0%         N/A       100%        3
 Airstrike                Air            0%         N/A       100%        4
 Animate Dead             Necr           0%         N/A       100%        4
 Fulminant Prism          Conj/Hex       0%         3d6       100%        4
 Iskenderun's Mystic Bla  Conj/Tloc      0%         2d3       100%        4
 Leda's Liquefaction      Hex/Erth       0%         N/A       100%        4
 Passage of Golubria      Tloc           0%         N/A       100%        4
 Summon Lightning Spire   Summ/Air       0%         N/A       100%        4
 Alistair's Intoxication  Tmut/Pois      0%         N/A       100%        5
 Borgnjor's Vile Clutch   Necr/Erth      0%         N/A       100%        5
 Fireball                 Conj/Fire      0%         3d3       100%        5
 Iskenderun's Battlesphe  Conj           0%         2d6       100%        5
 Lee's Rapid Deconstruct  Erth           0%         3d5*      100%        5
 Lightning Bolt           Conj/Air       0%         1d11      100%        5
 Silence                  Hex/Air        0%         N/A       100%        5
 Summon Forest            Summ/Tloc      0%         N/A       100%        5
 Conjure Ball Lightning   Conj/Air       0%         3x3d6     100%        6
 Death Channel            Necr           0%         N/A       100%        6
 Statue Form              Tmut/Erth      0%         N/A       100%        6
 Orb of Destruction       Conj           0%         9d5       100%        7


Dungeon Overview and Level Annotations

Branches:
Dungeon (15/15)            Temple (0/1) D:5            Lair (6/6) D:10
 Shoals (4/4) Lair:3       Spider (4/4) Lair:4        Slime (0/5) Lair:6
    Orc (2/2) D:11            Elf (3/3) Orc:2        Vaults (5/5) D:13
  Crypt (0/3) Vaults:2     Depths (4/4) D:15            Zot (1/5) Depths:4
  IceCv (visited)

Altars:
Ashenzari
Hepliaklqana
Makhleb
Nemelex Xobeh
Okawaru
Qazlal
Trog
Uskayaw
Vehumet
The Shining One
Beogh
Jiyva

Shops:
D:2 :   D:8 *   D:11 *   Orc:2 [[((   Elf:2 ?([   Elf:3 !   Shoals:3 (
Vaults:2 :   Vaults:3 [   Depths:2 ([

Portals:
Hell: Depths:1 Depths:2 Depths:3 Depths:4
Abyss: Depths:1 Depths:2 Depths:3 Depths:4
Pandemonium: Depths:2
Ziggurat: Depths:2

Annotations:
D:6 1 runed translucent door, zhov's ghost, novice SpHu
Lair:6 exclusion: oklob plant
Shoals:2 exclusion: downstairs
Shoals:3 exclusion: 2 downstairs
Shoals:4 Donald
Orc:2 2 transporters, OTABOTABOTAB's ghost, journeyman DECj
Elf:2 3 runed translucent doors
Vaults:1 3 runed translucent doors, avis's ghost, adept DgIE
Depths:4 1 runed translucent door, Lidodu's ghost, adept DDFi


Innate Abilities, Weirdness & Mutations

You have a pair of large horns on your head.
You are completely covered in thin metallic scales. (AC +4, rElec)
You are completely covered in sharp spines.
When hurt, damage is shared between your health and your magic reserves.
You regenerate magic rapidly.
Your melee attacks may debilitate your foes.
Your hexes are more powerful.


Message History

The yellow draconian is lightly wounded.
Your skin stops crawling.
You feel less strong-willed.
Aiming: Thunderbolt
Press: ? - help, Shift-Dir - straight line, f/p - purple draconian
Aim: a purple draconian, wielding a +0 scimitar (almost dead, slow, catching its breath)
The thunderbolt hits the purple draconian!!
You kill the purple draconian!
Trog accepts your kill.
The thunderbolt hits the moth of wrath!!!
You kill the moth of wrath!
Trog accepts your kill.
The thunderbolt hits the yellow draconian!
The yellow draconian is moderately wounded.
You feel your dexterity returning.
Aiming: Thunderbolt
Press: ? - help, Shift-Dir - straight line, f - yellow draconian
Aim: a yellow draconian, wielding a +0 short sword of protection (moderately wounded)
The thunderbolt hits the yellow draconian!!
The yellow draconian is heavily wounded.
The thunderbolt hits the yellow draconian!!
The yellow draconian is moderately wounded.
Aiming: Thunderbolt
Press: ? - help, Shift-Dir - straight line, f/p - yellow draconian
Aim: a yellow draconian, wielding a +0 short sword of protection (heavily wounded)
The thunderbolt hits the yellow draconian!!
The yellow draconian is almost dead.
The thunderbolt hits the yellow draconian!!
The yellow draconian is severely wounded.
The lightning rod overheats!
The yellow draconian closely misses you.
The lightning rod is presently inert.
You hit the yellow draconian. You drain the yellow draconian.
You headbutt the yellow draconian.
The yellow draconian is almost dead.
You completely miss the yellow draconian.
You headbutt the yellow draconian.
The yellow draconian is almost dead.
The yellow draconian spits acid at you. The glob of acid hits you!!
You die...

#.....#
#.#..##
#....#
#....#
###..#####
##.........
##d#..######
##d#####
#@## ###


You could see 2 draconians.

Vanquished Creatures
  2 dread liches (Vaults:5)
  An ancient lich (Vaults:5)
  2 juggernauts
  Sojobo (Depths:1)
  A curse toe (Zot:1)
  7 golden dragons
  A bone dragon (Depths:4)
  Arachne (Spider:2)
  A walking crystal tome (Depths:2)
  Zenata (Vaults:1)
  Mlioglotl (Shoals:3)
  11 tentacled monstrosities
  Jorgrun (Lair:4)
  4 liches
  2 deep elf master archers (Elf:3)
  2 deep elf blademasters (Elf:3)
  6 titans (Vaults:5)
  2 walking frostbound tomes (Depths:3)
  3 quicksilver dragons
  Gastronok (D:9)
  A walking divine tome (Depths:3)
  4 sphinxes
  Polyphemus (Shoals:3)
  4 tengu reavers
  Roxanne (Spider:1)
  3 storm dragons
  5 shadow dragons
  2 draconian knights (Zot:1)
  Ilsuiw (Shoals:3)
  23 vault wardens
  8 fire giants
  3 orc warlords
  3 deep elf sorcerers (Elf:3)
  8 emperor scorpions
  2 iron dragons (Vaults:5)
  10 frost giants
  A draconian scorcher (Depths:4)
  3 ghost moths
  3 deep elf elementalists (Elf:3)
  A balrug (Depths:2)
  A draconian stormcaller (Depths:4)
  A war gargoyle (Vaults:5)
  3 broodmothers
  2 spriggan defenders
  12 stone giants
  2 draconian annihilators (Zot:1)
  3 quicksilver oozes (IceCv)
  11 very ugly things
  9 ironbound thunderhulks
  12 ironbound preservers
  2 vampire knights (Vaults:2)
  6 entropy weavers
  6 deep elf demonologists
  A red draconian (Depths:4)
  A black draconian (Depths:4)
  8 spark wasps
  4 purple draconians
  3 dire elephants
  2 deep elf annihilators (Elf:3)
  A white draconian (Depths:4)
  6 ettins
  10 fire dragons
  9 deep elf death magi (Elf:3)
  Josephine (D:14)
  2 merfolk javelineers (Shoals:4)
  5 merfolk impalers
  6 great orbs of eyes
  15 yaktaur captains
  3 ice dragons
  5 boulder beetles
  An ogre mage (D:13)
  32 vault guards
  8 hydras
  2 merfolk avatars
  4 rakshasas
  9 ironbound frosthearts
  3 centaur warriors
  3 catoblepae
  5 merfolk aquamancers
  2 jorogumos
  5 radroaches
  An alligator snapping turtle (Shoals:4)
  5 two-headed ogres
  A death knight (Vaults:2)
  17 dancing weapons
  5 deep troll shamans
  11 death yaks
  5 tengu warriors
  7 deep troll earth magi
  3 satyrs (Shoals:4)
  Urug (Lair:5)
  2 orc high priests (Orc:2)
  A sun demon (Depths:2)
  2 spriggan berserkers
  A shock serpent (shapeshifter) (Elf:1)
  3 spriggans (Depths:4)
  17 deep elf knights
  11 hell knights
  2 iron trolls
  A sixfirhy (Depths:2)
  A skeletal warrior (D:14)
  5 pharaoh ants
  9 sea snakes
  A shadow wraith (Vaults:5)
  A flayed ghost (Depths:3)
  4 sun moths
  9 steelbarb worms
  35 deep trolls
  A swamp dragon (shapeshifter) (Depths:4)
  15 orb spiders
  2 goliath frogs (Lair:6)
  2 glowing orange brains
  A glowing orange brain (shapeshifter) (Depths:4)
  21 ironbound convokers
  8 wizards
  A shadow dragon zombie (Depths:2)
  11 deep elf archers
  8 necromancers
  4 phantasmal warriors (Vaults:5)
  30 harpies
  4 orc knights
  18 lindwurms
  17 deep elf pyromancers
  A wolf spider zombie (D:15)
  18 deep elf zephyrmancers
  33 wolf spiders
  19 fauns
  36 ugly things
  6 orc sorcerers
  A shining eye (shapeshifter) (Depths:1)
  12 manticores
  A fire giant zombie (Depths:2)
  A shining eye (Depths:2)
  A stone giant zombie (Vaults:3)
  5 moths of wrath (Zot:1)
  A moth of wrath (shapeshifter) (Depths:4)
  A salamander (shapeshifter) (Depths:2)
  A sphinx skeleton (Depths:3)
  4 cyclopes
  2 centaur zombies (D:15)
  7 black mambas
  A frost giant zombie (Depths:3)
  An iron dragon skeleton (Depths:2)
  10 merfolk sirens
  5 elephants
  19 vault sentinels
  8 water nymphs
  Joseph (D:9)
  A fire giant skeleton (Depths:2)
  A stone giant skeleton (Vaults:3)
  A rust devil (Depths:2)
  2 naga magi
  A gargoyle (D:13)
  2 orange demons (Depths:2)
  Maggie (Lair:1)
  21 cane toads
  A centaur skeleton (D:15)
  13 demonic crawlers
  2 unseen horrors
  A kobold demonologist (D:12)
  9 torpor snails
  45 yaktaurs
  2 freezing wraiths
  A yaktaur (shapeshifter) (Vaults:5)
  5 rime drakes
  8 komodo dragons
  An ice devil (Depths:2)
  2 hellwings (Depths:2)
  2 entropy weaver simulacra (IceCv)
  3 polar bears
  7 tengu conjurers
  7 trolls
  A merfolk (shapeshifter) (Depths:3)
  3 very ugly thing simulacra (IceCv)
  30 merfolk
  3 meliai
  7 wind drakes
  2 tyrant leeches (Lair:6)
  4 hornets
  2 saltlings (Elf:2)
  40 tarantellas
  A raiju (shapeshifter) (Elf:2)
  Prince Ribbit (D:6)
  21 blink frogs
  34 slime creatures
  9 snapping turtles
  5 dream sheep (Lair:6)
  4 air elementals
  Sigmund (D:2)
  24 jumping spiders
  22 water elementals
  8 wyverns
  2 shadows
  20 culicivoras
  11 wraiths
  85 yaks
  2 fire elementals
  A fire bat (shapeshifter) (Vaults:5)
  A yak (shapeshifter) (D:13)
  Grum (D:9)
  14 basilisks
  13 vampire mosquitoes
  3 chaos spawn (Depths:2)
  55 redbacks
  2 steam dragons
  An elf skeleton (Vaults:3)
  6 wargs
  5 acid dragons
  2 demonic crawler simulacra (IceCv)
  18 water moccasins
  19 orc warriors (Orc:2)
  2 floating eyes
  5 black bears
  3 swamp drakes (Lair:2)
  3 ice beasts (D:8)
  A sky beast (D:7)
  2 boggarts (D:14)
  4 ogres
  6 centaurs
  A human skeleton (Vaults:3)
  25 wolves
  2 kobold brigands (D:7)
  2 earth elementals (Elf:2)
  18 bullfrogs
  2 gnoll sergeants (D:8)
  26 scorpions
  10 wights (D:8)
  6 killer bees (D:9)
  6 howler monkeys
  7 electric eels
  3 jellies
  16 orc priests
  A wyvern simulacrum (D:8)
  An iguana (D:6)
  Jessica (D:2)
  6 hell rats (D:14)
  15 orc wizards
  2 centaur simulacra
  A killer bee simulacrum (D:8)
  Robin (D:2)
  4 adders
  10 gnolls
  2 shadow imps (D:6)
  7 white imps
  An ufetubus (D:8)
  A worm (D:3)
  A dart slug (D:1)
  76 orcs
  5 bats
  3 endoplasms (D:2)
  5 giant cockroaches
  14 goblins
  6 hobgoblins
  2 jackals (D:4)
  3 quokkas
  5 ball pythons
  6 frilled lizards
  17 kobolds
  4 rats
1835 creatures vanquished.

Vanquished Creatures (collateral kills)
  A dread lich (Vaults:5)
  Mara (Spider:3)
  2 sphinxes
  2 tengu reavers (Vaults:5)
  An orc warlord (Orc:2)
  An emperor scorpion (Spider:1)
  A frost giant (Depths:2)
  2 vault wardens
  Louise (Shoals:4)
  A deep elf elementalist (Elf:3)
  A draconian annihilator (Zot:1)
  A caustic shrike skeleton (Depths:3)
  An ironbound preserver (Vaults:4)
  An ironbound thunderhulk (Vaults:3)
  2 war gargoyles (Vaults:5)
  2 deep elf demonologists (Elf:3)
  A stone giant (Depths:4)
  A yellow draconian (Depths:4)
  2 deep elf annihilators (Elf:3)
  A dire elephant (Vaults:3)
  A deep elf death mage (Vaults:5)
  A merfolk javelineer (Shoals:4)
  A merfolk impaler (Shoals:4)
  A jorogumo (Spider:4)
  2 vault guards (Vaults:5)
  2 catoblepae
  A death knight (D:14)
  A satyr (Shoals:4)
  2 hell knights (Depths:3)
  2 deep trolls
  2 deep elf archers (Elf:3)
  An orc knight (Orc:2)
  4 deep elf zephyrmancers (Elf:3)
  2 lindwurms (Vaults:3)
  3 ironbound convokers
  3 ugly things
  A necromancer (Depths:3)
  An orc sorcerer (Orc:2)
  A vault sentinel (Vaults:4)
  2 cane toads (Lair:6)
  A black mamba (Lair:6)
  A rime drake (Lair:6)
  2 yaktaurs (Vaults:4)
  3 trolls (Orc:2)
  2 merfolk
  A tengu simulacrum (Depths:3)
  A tarantella (Spider:4)
  A tyrant leech (Lair:6)
  3 slime creatures
  7 dream sheep (Lair:6)
  2 jumping spiders
  3 wyverns
  A water elemental (Shoals:3)
  2 fire elementals (Elf:3)
  3 redbacks (Spider:4)
  2 wargs (Orc:2)
  A vampire mosquito (Lair:6)
  A water moccasin (Lair:6)
  10 orc warriors (Orc:2)
  An ugly thing simulacrum (IceCv)
  3 bullfrogs
  10 scorpions (Spider:1)
  2 lava snakes (Lair:6)
  3 orc priests (Orc:2)
  3 orc wizards (Orc:2)
  8 orcs (Orc:2)
137 creatures vanquished.

Vanquished Creatures (others)
  2 deep elf pyromancers
  An orc knight (Orc:2)
  2 fauns (Shoals:4)
  An orc sorcerer (Orc:2)
  An ugly thing (D:14)
  2 manticores (Shoals:4)
  A very ugly thing simulacrum (IceCv)
  A water elemental (Elf:3)
  A yak (Lair:5)
  2 vampire mosquitoes
  An orc warrior (Orc:2)
  A boggart (D:14)
  An orc (Orc:2)
  50 fungi
  149 plants
  2 withered plants (D:6)
218 creatures vanquished.

Grand Total: 2190 creatures vanquished

Notes
Turn   | Place    | Note
-------+----------+-------------------------------------------
     0 | D:1      | dolemite99 the Demonspawn Gladiator began the quest for the
                  | Orb.
     0 | D:1      | Reached XP level 1. HP: 16/16 MP: 1/1
   637 | D:1      | Found a faded altar of an unknown god.
   664 | D:1      | Prayed at the altar of an unknown god.
   664 | D:1      | Became a worshipper of Trog the Wrathful
   664 | D:1      | Reached * piety under Trog
   678 | D:1      | Gained mutation: You are partially covered in sharp spines.
                  | [demonic ancestry]
   678 | D:1      | Reached XP level 2. HP: 17/22 MP: 2/2
  1301 | D:2      | Noticed Sigmund
  1313 | D:2      | Killed Sigmund
  1314 | D:2      | Reached XP level 3. HP: 10/27 MP: 3/3
  1314 | D:2      | Gained mutation: You regenerate magic rapidly. [demonic
                  | ancestry]
  1314 | D:2      | Reached XP level 4. HP: 13/33 MP: 4/4
  1314 | D:2      | Gained mutation: You have a pair of small horns on your
                  | head. [demonic ancestry]
  1314 | D:2      | Reached XP level 5. HP: 15/38 MP: 5/5
  1933 | D:2      | Noticed Robin
  1950 | D:2      | Killed Robin
  2243 | D:2      | Reached ** piety under Trog
  2427 | D:2      | Found Enyg's Book Emporium.
  2481 | D:2      | Noticed Jessica
  2493 | D:2      | Killed Jessica
  3024 | D:3      | Identified the +9 whip of Nozi {freeze, +Blink rElec Will++
                  | Str-3}
  3443 | D:3      | Reached XP level 6. HP: 44/44 MP: 6/6
  3717 | D:4      | Reached skill level 5 in Maces & Flails
  4119 | D:4      | Gained mutation: You have a pair of horns on your head.
                  | [demonic ancestry]
  4119 | D:4      | Reached XP level 7. HP: 50/50 MP: 7/7
  4537 | D:5      | Entered Level 5 of the Dungeon
  4940 | D:5      | Found an iron altar of Okawaru.
  4961 | D:5      | Found a burning altar of Makhleb.
  4969 | D:5      | Reached *** piety under Trog
  5167 | D:5      | Found a staircase to the Ecumenical Temple.
  5623 | D:6      | Reached XP level 8. HP: 56/56 MP: 8/8
  5930 | D:6      | Found a runed translucent door.
  5930 | D:6      | Noticed zhov's ghost (novice SpHu)
  6051 | D:6      | Identified the +10 dagger "Earthworm" {vamp, *Rage rF+++
                  | rC+ Dex+4}
  6204 | D:6      | Noticed Prince Ribbit
  6207 | D:6      | Killed Prince Ribbit
  7223 | D:7      | Found a sparkling altar of Nemelex Xobeh.
  7307 | D:7      | Reached skill level 5 in Shields
  7331 | D:7      | Gained mutation: You are mostly covered in sharp spines.
                  | [demonic ancestry]
  7331 | D:7      | Reached XP level 9. HP: 32/61 MP: 9/9
  8063 | D:8      | Found a large runed translucent door.
  8064 | D:8      | Found a large runed translucent door.
  8134 | D:8      | Noticed a polar bear
  8155 | D:8      | Killed a polar bear
  8219 | D:8      | Noticed a death yak
  8280 | D:8      | Killed a death yak
  8281 | D:8      | Reached skill level 5 in Fighting
  8415 | D:8      | Found a bloodstained altar of Trog.
  8515 | D:8      | Found a stormy altar of Qazlal.
  8670 | D:8      | Reached skill level 6 in Fighting
  8691 | D:8      | Gained mutation: You are partially covered in thin metallic
                  | scales. (AC +2) [demonic ancestry]
  8691 | D:8      | Reached XP level 10. HP: 43/77 MP: 10/10
  9445 | D:8      | Reached **** piety under Trog
  9454 | D:8      | Reached skill level 1 in Armour
  9601 | D:8      | Found Xaexerpha's Assorted Antiques.
  9610 | D:8      | Bought a glimmering cloak for 313 gold pieces
  9610 | D:8      | Identified the +0 cloak "Reutum" {rF+} (You bought it in a
                  | shop on level 8 of the Dungeon)
  9617 | D:8      | Bought a scroll labelled PEAPNE JULUPPU for 33 gold pieces
  9984 | D:9      | Noticed Gastronok
 10000 | D:9      | Killed Gastronok
 10001 | D:9      | Reached skill level 5 in Armour
 10634 | D:9      | Noticed Grum
 10652 | D:9      | Killed Grum
 10862 | D:9      | Noticed Joseph
 10873 | D:9      | Killed Joseph
 11283 | D:10     | Entered Level 10 of the Dungeon
 11288 | D:10     | Noticed an elephant
 11289 | D:10     | Noticed a death yak
 11313 | D:9      | Killed an elephant
 11402 | D:10     | Gained mutation: You are mostly covered in thin metallic
                  | scales. (AC +3) [demonic ancestry]
 11402 | D:10     | Reached XP level 11. HP: 83/83 MP: 11/11
 11575 | D:10     | Found a staircase to the Lair.
 11599 | D:10     | Found a hazy altar of Hepliaklqana.
 11638 | D:10     | Noticed a two-headed ogre
 11651 | D:10     | Killed a two-headed ogre
 11662 | D:10     | Killed a death yak
 11663 | D:10     | Reached skill level 5 in Throwing
 12739 | Lair:1   | Entered Level 1 of the Lair of Beasts
 12794 | Lair:1   | Noticed Maggie
 12809 | Lair:1   | Killed Maggie
 13692 | Lair:1   | Reached XP level 12. HP: 89/89 MP: 12/12
 14194 | Lair:1   | Reached skill level 10 in Throwing
 14988 | Lair:2   | Noticed a five-headed hydra
 14988 | Lair:2   | Noticed a seven-headed hydra
 15011 | Lair:2   | Reached skill level 7 in Fighting
 15648 | Lair:2   | Identified the +1 ring mail of Compression {rC- Dex+5 SInv}
 16017 | Lair:2   | Killed a five-headed hydra
 16171 | Lair:2   | Killed a seven-headed hydra
 16172 | Lair:2   | Reached skill level 8 in Fighting
 16508 | D:8      | Bought a scroll of teleportation for 99 gold pieces
 16508 | D:8      | Bought a scroll of identify for 66 gold pieces
 16903 | Lair:3   | Reached skill level 1 in Evocations
 17093 | Lair:3   | Found a staircase to the Shoals.
 17409 | Lair:3   | Noticed a catoblepas
 17434 | Lair:3   | HP: 4/141 [catoblepas (14)]
 17436 | Lair:3   | Killed a catoblepas
 17814 | Lair:3   | Reached XP level 13. HP: 98/99 MP: 13/13
 17871 | Lair:3   | Reached skill level 5 in Evocations
 18199 | Shoals:1 | Entered Level 1 of the Shoals
 18258 | Lair:4   | Found a hole to the Spider Nest.
 18326 | Lair:4   | Identified the +0 scale mail of the Hurtling Gods {Contam
                  | rElec Regen+}
 19426 | Spider:1 | Entered Level 1 of the Spider Nest
 19736 | Lair:5   | Identified the +1 swamp dragon scales "Siahed" {rPois rF+
                  | Int+4}
 20099 | Lair:5   | Reached skill level 10 in Evocations
 20273 | Lair:5   | Noticed Urug
 20286 | Lair:5   | Killed Urug
 21096 | Lair:6   | Entered Level 6 of the Lair of Beasts
 21379 | Lair:6   | Reached XP level 14. HP: 50/106 MP: 14/14
 21390 | Lair:6   | Reached skill level 10 in Maces & Flails
 21884 | Lair:6   | Reached skill level 9 in Fighting
 22903 | Lair:6   | Found a staircase to the Slime Pits.
 22904 | Lair:6   | Found a viscous altar of Jiyva.
 23739 | D:11     | Found a staircase to the Orcish Mines.
 24290 | D:11     | Found Roeczos's Retail Resort.
 25113 | D:12     | Identified a scroll of acquirement
 25147 | D:12     | Acquired a manual of Shields
 26042 | Orc:1    | Entered Level 1 of the Orcish Mines
 26078 | Orc:2    | Entered Level 2 of the Orcish Mines
 26388 | Orc:2    | Reached skill level 10 in Shields
 26617 | Orc:2    | Paralysed by an orc sorcerer for 5 turns
 27348 | Orc:2    | Found a transporter.
 27350 | Orc:2    | Noticed OTABOTABOTAB's ghost (journeyman DECj)
 27364 | Orc:2    | Found a transporter.
 27419 | Orc:2    | Found a staircase to the Elven Halls.
 27496 | Orc:2    | Noticed an orc warlord
 27514 | Orc:2    | Killed an orc warlord
 27599 | Orc:2    | Noticed an orc warlord
 27630 | Orc:2    | Gained mutation: You are completely covered in thin
                  | metallic scales. (AC +4, rElec) [demonic ancestry]
 27630 | Orc:2    | Reached XP level 15. HP: 92/114 MP: 15/15
 27635 | Orc:2    | Killed an orc warlord
 28230 | Orc:2    | Noticed an orc warlord
 28270 | Orc:2    | Killed an orc warlord
 28532 | Orc:2    | Found Ytuatav's Antique Armour Shop.
 28549 | Orc:2    | Found Awarozu's Antique Weapon Boutique.
 28734 | Orc:2    | Found Osaohur's Antique Weapon Boutique.
 29058 | Orc:2    | Found Towu's Armour Shoppe.
 29547 | D:8      | Bought a polished plate armour for 924 gold pieces
 29547 | D:8      | Identified the +6 plate armour of Theory {rPois Str+3
                  | Int+4} (You bought it in a shop on level 8 of the Dungeon)
 29778 | D:13     | Identified the +8 flail of the Hierophant {vamp, Fly rPois
                  | Stlth+}
 30087 | D:13     | Found a gate to the Vaults.
 30134 | D:13     | Found a broken altar of Ashenzari.
 31918 | D:14     | Noticed Josephine
 31939 | D:14     | Killed Josephine
 32958 | D:15     | Entered Level 15 of the Dungeon
 33270 | D:15     | Found a staircase to the Depths.
 33336 | D:15     | Found a frozen archway.
 33349 | IceCv    | Entered an ice cave
 34390 | IceCv    | Noticed an azure jelly
 34813 | D:15     | Identified the +2 helmet "Sischaimog" {Int+6}
 34852 | D:15     | Gained mutation: You are completely covered in sharp
                  | spines. [demonic ancestry]
 34852 | D:15     | Reached XP level 16. HP: 121/121 MP: 16/16
 35727 | D:11     | Bought a potion of resistance for 140 gold pieces
 35799 | Orc:2    | Bought a runed morningstar for 189 gold pieces
 36466 | Lair:4   | Reached skill level 10 in Armour
 36994 | Spider:1 | Noticed Jorgrun
 37023 | Lair:4   | Killed Jorgrun
 38323 | Shoals:2 | Reached skill level 10 in Fighting
 39286 | Shoals:2 | Reached skill level 11 in Fighting
 39420 | Shoals:3 | Noticed Polyphemus
 39441 | Shoals:3 | Killed Polyphemus
 39617 | Shoals:3 | Found Yphakk's Weapon Boutique.
 39827 | Shoals:3 | Bought 8 stones for 12 gold pieces
 39827 | Shoals:3 | Bought 3 curare-tipped darts for 27 gold pieces
 39949 | Shoals:3 | Reached skill level 12 in Fighting
 40048 | Shoals:3 | Noticed Ilsuiw
 40107 | Shoals:3 | Killed Ilsuiw
 41247 | Lair:4   | Reached skill level 5 in Dodging
 41574 | Lair:4   | Reached XP level 17. HP: 108/133 MP: 17/17
 42572 | Spider:1 | Noticed Roxanne
 42951 | Spider:1 | Killed Roxanne
 44599 | Spider:1 | Acquired 589 gold pieces
 44727 | Spider:2 | Noticed Arachne
 44757 | Spider:2 | Killed Arachne
 46260 | Spider:2 | Reached skill level 13 in Fighting
 47775 | Spider:3 | Noticed Mara
 48329 | Spider:3 | Noticed dolemite99's illusion
 48407 | Spider:4 | Entered Level 4 of the Spider Nest
 48430 | Spider:3 | Reached skill level 14 in Fighting
 48468 | Spider:3 | Noticed dolemite99's illusion
 49056 | Spider:3 | Noticed dolemite99's illusion
 49169 | Spider:3 | Noticed dolemite99's illusion
 49386 | Shoals:4 | Entered Level 4 of the Shoals
 49623 | Shoals:4 | Noticed Mlioglotl
 49628 | Shoals:4 | Noticed Louise
 49635 | Shoals:3 | Killed Mlioglotl
 51063 | Shoals:4 | Reached skill level 15 in Fighting
 51063 | Shoals:4 | Gained mutation: You have a pair of large horns on your
                  | head. [demonic ancestry]
 51063 | Shoals:4 | Reached XP level 18. HP: 128/149 MP: 18/18
 52403 | Shoals:4 | Identified the amulet "Eryem" {rElec Will- Regen+ Dex+6}
 52673 | Shoals:4 | Reached skill level 16 in Fighting
 53233 | Shoals:4 | Killed Louise
 53272 | Shoals:4 | Noticed Donald
 53688 | Shoals:4 | Got a barnacled rune of Zot
 54082 | Vaults:1 | Entered Level 1 of the Vaults
 54082 | Vaults:1 | Noticed Zenata
 54117 | Vaults:1 | Killed Zenata
 56436 | Vaults:1 | Found a runed translucent gate.
 56436 | Vaults:1 | Found a runed translucent gate.
 56436 | Vaults:1 | Noticed avis's ghost (adept DgIE)
 56437 | Vaults:1 | Found a runed translucent gate.
 56726 | Vaults:1 | Reached skill level 15 in Maces & Flails
 57254 | Vaults:2 | Found Roacyiro's Book Emporium.
 57779 | Vaults:2 | Gained mutation: Your hexes are more powerful. [demonic
                  | ancestry]
 57779 | Vaults:2 | Reached XP level 19. HP: 138/157 MP: 19/19
 58869 | Vaults:2 | Found a staircase to the Crypt.
 59040 | Vaults:2 | Reached skill level 1 in Axes
 60454 | Vaults:3 | Reached skill level 5 in Axes
 61222 | Vaults:3 | Found Hoeticle's Armour Shoppe.
 63007 | Vaults:3 | Paralysed by a great orb of eyes for 5 turns
 63795 | Vaults:3 | Identified the +1 hat "Deijyo" {rC+ Str+2}
 63806 | Vaults:3 | Found a radiant altar of Vehumet.
 63822 | Vaults:3 | Identified the +0 hat of Iblu {Dex+4}
 63823 | Vaults:3 | Identified the +4 hat of Luthamm {Fly}
 64554 | Vaults:4 | Reached skill level 10 in Axes
 64573 | Vaults:4 | Gained mutation: When hurt, damage is shared between your
                  | health and your magic reserves. [demonic ancestry]
 64573 | Vaults:4 | Reached XP level 20. HP: 91/164 MP: 20/20
 65303 | Vaults:4 | Identified the ring "Wuits" {rElec rC++ rN+ Will+}
 66424 | Elf:1    | Entered Level 1 of the Elven Halls
 67091 | Elf:1    | Paralysed by an air elemental for 1 turns
 67096 | Elf:1    | Paralysed by an air elemental for 1 turns
 67590 | Elf:2    | You are sucked into a shaft and drop 1 floor!
 67590 | Elf:3    | Entered Level 3 of the Elven Halls
 67619 | Elf:3    | Paralysed by an air elemental for 1 turns
 67727 | Elf:3    | Paralysed by an air elemental for 1 turns
 67732 | Elf:3    | Paralysed by an air elemental for 1 turns
 67977 | Elf:3    | Found Bavajuchy's Distillery.
 68032 | Elf:3    | Bought a potion of curing for 45 gold pieces
 68032 | Elf:3    | Bought a potion of magic for 120 gold pieces
 68032 | Elf:3    | Bought a potion of cancellation for 120 gold pieces
 68207 | Elf:2    | Found Cukaaz's Antique Armour Boutique.
 68215 | Elf:2    | Bought a pair of steaming boots for 266 gold pieces
 68215 | Elf:2    | Identified the +0 pair of boots "Penuc" {rPois rN+} (You
                  | bought it in a shop on level 2 of the Elven Halls)
 68231 | Elf:2    | Bought a runed cloak for 210 gold pieces
 68618 | Elf:2    | Paralysed by an air elemental for 1 turns
 68869 | Elf:2    | Found a runed translucent gate.
 68872 | Elf:2    | Found a runed translucent gate.
 68872 | Elf:2    | Found a runed translucent gate.
 68980 | Elf:2    | Found Jemogre's Magic Scroll Shop.
 68989 | Elf:2    | Bought a scroll of teleportation for 48 gold pieces
 68989 | Elf:2    | Bought a scroll of blinking for 120 gold pieces
 68989 | Elf:2    | Bought a scroll of poison for 56 gold pieces
 68989 | Elf:2    | Bought a scroll of blinking for 120 gold pieces
 68989 | Elf:2    | Bought a scroll of brand weapon for 320 gold pieces
 68989 | Elf:2    | Bought a scroll of brand weapon for 320 gold pieces
 69050 | Elf:2    | Found Zebuguhus's Weapon Boutique.
 69317 | Elf:2    | Reached skill level 15 in Axes
 70046 | Elf:3    | Identified the ring of Cheibriados's Grace {rPois rC+ rN+
                  | Will+ Int-3}
 70070 | Elf:3    | Reached XP level 21. HP: 143/171 MP: 18/21
 70122 | Elf:3    | Reached skill level 15 in Armour
 70356 | Elf:3    | Identified the +4 broad axe of Subjectivity {speed, rPois
                  | rC- Str-3 Int+7}
 70448 | Elf:3    | Identified the +9 executioner's axe "Guof" {flame, rPois
                  | Will+ Dex+2 SInv}
 70801 | Elf:3    | Identified the +0 longbow "Tasya" {flame, Int+2}
 70818 | Elf:3    | Got the Handbook of the Warped Birds
 70823 | Elf:3    | Got the Disquisition on Spatial Envenoming
 71268 | Depths:1 | Entered Level 1 of the Depths
 71721 | Depths:1 | Found a one-way gate to the infinite horrors of the Abyss.
 72200 | Depths:1 | Found a gateway to Hell.
 72295 | Depths:1 | Noticed Sojobo
 72305 | Depths:1 | Paralysed by an air elemental for 1 turns
 72315 | Depths:1 | Paralysed by an air elemental for 1 turns
 72323 | Depths:1 | Paralysed by an air elemental for 1 turns
 72331 | Depths:1 | Paralysed by an air elemental for 1 turns
 72344 | Depths:1 | Killed Sojobo
 73761 | Depths:2 | Found a one-way gateway to a ziggurat.
 73764 | Depths:2 | Paralysed by a floating eye for 4 turns
 73774 | Depths:2 | Paralysed by a floating eye for 3 turns
 73914 | Depths:2 | Noticed a juggernaut
 73935 | Depths:2 | Killed a juggernaut
 74388 | Depths:2 | Noticed a golden dragon
 74403 | Depths:2 | Killed a golden dragon
 74433 | Depths:2 | Identified the ring of Hicluc {Fly rC+ Str-3 Int+6 Dex+3}
 74668 | Depths:2 | Found Huokair's Antique Armour Boutique.
 74668 | Depths:2 | Found Tolimaa's Weapon Shop.
 74949 | Depths:2 | Reached XP level 22. HP: 173/178 MP: 22/22
 74949 | Depths:2 | Found a one-way gate leading to the halls of Pandemonium.
 75531 | Depths:3 | Found a hide-covered altar of Uskayaw.
 76175 | Depths:3 | Noticed a golden dragon
 76186 | Depths:3 | Reached skill level 15 in Evocations
 76191 | Depths:3 | Noticed a juggernaut
 76200 | Depths:3 | Killed a golden dragon
 76208 | Depths:3 | Killed a juggernaut
 78002 | Spider:3 | Identified the +3 robe of Boacsiwi {rC+}
 78270 | Spider:3 | Killed Mara
 79732 | Spider:4 | Got a gossamer rune of Zot
 80233 | Depths:4 | Entered Level 4 of the Depths
 80941 | Depths:4 | Found a runed translucent door.
 80941 | Depths:4 | Noticed Lidodu's ghost (adept DDFi)
 81223 | Depths:4 | Found a gate to the Realm of Zot.
 81223 | Depths:4 | Noticed a golden dragon
 81251 | Depths:4 | Killed a golden dragon
 81252 | Depths:4 | Reached skill level 17 in Fighting
 82794 | Vaults:5 | Entered Level 5 of the Vaults
 82818 | Vaults:5 | Reached XP level 23. HP: 178/188 MP: 21/23
 82915 | Vaults:5 | Found the +2 Maxwell's thermic engine {flame, freeze}
 83490 | Vaults:5 | Reached skill level 18 in Fighting
 84322 | Vaults:5 | Noticed a dread lich
 84347 | Vaults:5 | Killed a dread lich
 84375 | Vaults:5 | Identified the +9 lajatang of the Manifold Friends {venom,
                  | Int+4}
 85057 | Vaults:5 | Noticed a dread lich
 85363 | Vaults:5 | Killed a dread lich
 85432 | Vaults:5 | Noticed a dread lich
 85445 | Vaults:5 | Killed a dread lich
 85879 | Vaults:5 | Noticed an ancient lich
 85882 | Vaults:5 | Reached skill level 19 in Fighting
 85902 | Vaults:5 | Killed an ancient lich
 86582 | Vaults:5 | Got a silver rune of Zot
 87141 | Vaults:5 | Reached skill level 20 in Fighting
 87735 | Zot:1    | Entered Level 1 of the Realm of Zot
 87949 | Zot:1    | Noticed a curse toe
 87962 | Zot:1    | Killed a curse toe
 88622 | Zot:1    | Gained mutation: Your melee attacks may debilitate your
                  | foes. [demonic ancestry]
 88622 | Zot:1    | Reached XP level 24. HP: 129/205 MP: 17/23
 89095 | Zot:1    | HP: 6/206 [purple draconian/+0 scimitar (14)]
 89108 | Zot:1    | Killed from afar by a yellow draconian

Illustrated notes

Levels and vault maps discovered:
D:1:      dpeg_arrival_radiant, layout_loops_ring,
          dreamdust_ecumenical_altar_statues, hex_medium
D:2:      layout_loops_ring, serial_shops, nicolae_shop_hallway_plus,
          grunt_ministairs_1, uniq_jessica, uniq_sigmund, uniq_robin
D:3:      layout_loops_cross, serial_rivers, chequers_serial_rivers_room_b,
          chequers_serial_rivers_room_a, chequers_serial_rivers_micro_e,
          chequers_serial_rivers_small_b
D:4:      layout_basic
D:5:      layout_loops_ring, nicolae_overflow_crystal_walls,
          mainiacjoe_overflow_alcove_1, lemuel_temple_firewalk_b
D:6:      layout_loops_ring, gammafunk_ghost_grave, uniq_prince_ribbit1
D:7:      layout_layer_cave, lemuel_crystal_altar
D:8:      layout_basic, kennysheep_little_box, jmf_multi_god_temple2,
          serial_ice, serial_ice_a, serial_ice_b, serial_ice_g, serial_ice_f,
          serial_ice_n, serial_shops, nicolae_shop_advertising_works
          [nicolae_subvault_shop_adworks]
D:9:      layout_loops_corners, uniq_gastronok, uniq_joseph, uniq_grum
D:10:     layout_long_grid, pf_just_have_faith, david_lair_generic,
          chequers_mini_garden
D:11:     layout_loops_ring, orc_0_dummy, nicolae_alphabet_shops
D:12:     layout_irregular_city
D:13:     layout_gridville, david_vaults_2, nicolae_ashenzari_skybound
D:14:     layout_roguey [special_room_mythical_zoo], minmay_fountain_box,
          minmay_increasing_density, uniq_josephine
D:15:     grunt_enter_depths_magical_seal, layout_stronghold, amethyst_killhole,
          gauntlet_entry_generic, portal_ice_cave_entry_pillars_1
Lair:1:   layout_misc_corridors, serial_bayou_shore_a, uniq_maggie
Lair:2:   layout_roguey, pond, serial_bayou_shore_b
Lair:3:   layout_gridlike, elwin_shoals_entry_rooms
Lair:4:   layout_loops_ring, spider_nest_entry_rubble, minivault_11,
          st_stairs_5, minmay_stone_trees_medium, grunt_megastairs_1
Lair:5:   layout_cave_pods, chequers_serial_rivers_marsh, serial_bayou_pond_b,
          serial_bayou_crossing, uniq_urug
Lair:6:   minmay_lair_end_frog_pond, layout_gridlike, slime_entry_1,
          nicolae_quartered_pool_impasse, dpeg_stationary_puzzle
Shoals:1: layout_shoals
Shoals:2: layout_shoals
Shoals:3: layout_shoals, serial_shops, nicolae_shop_bloodbath_and_beyond,
          uniq_ilsuiw, uniq_polyphemus
Shoals:4: shoals_end_grunt_ice, layout_shoals, uniq_mlioglotl, uniq_donald,
          uniq_louise
Spider:1: spiders_nest_a, nicolae_spider_webbed_stairs, uniq_jorgrun,
          uniq_roxanne
Spider:2: layout_spider_delve, uniq_arachne
Spider:3: layout_spider_delve, hangedman_spider_tarantella_strand, uniq_mara
Spider:4: guppyfry_spider_rune
Orc:1:    layout_diamond_mine, minmay_orc_temple_a
Orc:2:    grunt_orc_community_town_hall, layout_caves,
          grunt_orc_community_big_house_2, grunt_orc_community_big_house_1,
          grunt_orc_community_house_3, grunt_orc_community_house_2,
          grunt_orc_community_house_1, grunt_orc_community_house_1,
          grunt_orc_community_house_3, grunt_orc_community_house_2,
          gammafunk_ghost_berserking_beasts
Elf:1:    layout_onion_city
Elf:2:    nicolae_elf_blades_splatter_lattice [nicolae_blade_tridents],
          layout_loops_corners, portal_desolation_entry_nicolae_nacl,
          serial_shops, shop, nicolae_take_the_stairs, nicolae_lakefront_shop,
          serial_sigils, serial_sigils_hangedman_etch,
          serial_sigils_hangedman_stare, serial_sigils_hangedman_gut
Elf:3:    elf_hall, layout_loops_ring, serial_shops, nicolae_shop_behind_doors
Vaults:1: ebering_ghost_rock_garden, ontoclasm_vaults_pinch, v_misc_22,
          hangedman_vaults_pinch, ontoclasm_vaults_claustrophobia,
          nicolae_vaults_network_quinsquares
          [nicolae_vaults_network_quincunx_subvault,
          nicolae_vaults_network_quincunx_subvault,
          nicolae_vaults_network_quincunx_subvault,
          nicolae_vaults_network_quincunx_subvault],
          ontoclasm_vaults_ring_square, v_misc_1, v_alt_pattern_2,
          hangedman_vaults_stretched_pinwheel, nicolae_vaults_display_case,
          ontoclasm_vaults_ring_square, nicolae_vaults_circle_grid_b,
          nicolae_vaults_little_squares_4, vaults_room_grunt_arrival_ludios,
          layout_vaults_big_cross, uniq_zenata
Vaults:2: v_misc_2, v_alt_pattern_6, hangedman_vaults_slither, v_misc_5,
          v_alt_pattern_3, v_misc_5, nicolae_vaults_circle_grid_a, v_misc_30,
          minmay_crypt_entry_simple_statues, layout_vaults_big_room,
          serial_shops, shop
Vaults:3: nicolae_vaults_three_branches, grunt_tower_of_power, v_pattern_1,
          ontoclasm_vaults_eye, grunt_vaults_hallway_long,
          nicolae_vaults_mini_display_case, hangedman_vaults_trim,
          vaults_room_semicircle, layout_vaults_omnigrid, serial_shops,
          nicolae_shop_temple_entry_statues_fountains
Vaults:4: nicolae_vaults_little_squares_4, vaults_dpeg_ring,
          ontoclasm_vaults_decontamination, vaults_mumra_hex,
          nicolae_vaults_asterisk, nicolae_vaults_minivaults,
          hangedman_vaults_stretched_pinwheel, hangedman_vaults_capsules,
          nicolae_vaults_hallways_thing, vaults_standard_mumra_lines,
          vaults_room_corners, nicolae_vaults_theta, layout_vaults_maze_snakey
Vaults:5
Depths:1: layout_cave_pools, hangedman_abyss_or_decor_clamps, abyss_entry,
          hell_entry, grunt_decor_arrowhead, kennysheep_cross_room,
          moated_statue, serial_sigils_hangedman_carve,
          small_chamber_with_monster, kennysheep_generic_room_3, uniq_sojobo
Depths:2: minmay_stepped, layout_gridville, enter_ziggurat_d,
          grunt_decor_junction, abyss_entry_small_statue_room,
          grunt_pan_entry_spiral, hell_entry, serial_rivers,
          chequers_serial_rivers_room_b, chequers_serial_rivers_marsh,
          chequers_serial_rivers_small_b, chequers_serial_rivers_room_a,
          chequers_serial_rivers_micro_d, grunt_ministairs_10,
          infiniplex_staircase_pool_1, minmay_shoptagon
Depths:3: minmay_octo_star, layout_small_grid, abyss_entry,
          nicolae_uskayaw_murder_on_the_dancefloor, hell_entry, uniq_josephina
Depths:4: grunt_zot_entry_tricorne, layout_gridville, hell_entry,
          hellmonk_ghost_happy_afterlife, nicolae_abyss_entry_one_way_or_another
Zot:1:    kennysheep_blocky_room, layout_basic

Skill      XL: |  1  2  3  4  5  6  7  8  9 10 11 12 13 14 15 16 17 18 19 20 21 22 23 |
---------------+----------------------------------------------------------------------+-----
Staves         | 3 |  3.5
Maces & Flails | 4 6 8 9 11 14 15 | 15.8
Shields        | 5 7 11 14 | 14.8
Fighting       | 6 8 9 12 15 16 17 20 | 20.8
Armour         | 7 8 9 12 14 16 | 16.0
Throwing       | 3 9 10 12 14 | 14.7
Evocations     | 4 12 14 16 18 | 18.0
Dodging        | 5 9 |  9.0
Axes           | 10 15 | 15.2

Action                   |  1- 3 |  4- 6 |  7- 9 | 10-12 | 13-15 | 16-18 | 19-21 | 22-24 || total
-------------------------+-------+-------+-------+-------+-------+-------+-------+-------++-------
Melee: Quarterstaff      |    35 |       |       |       |       |       |       |       ||    35
       Whip              |    10 |    85 |   205 |   625 |   404 |       |       |       ||  1329
       Headbutt          |       |     9 |    38 |   168 |   374 |   493 |   556 |   428 ||  2066
       Morningstar       |       |       |       |       |   450 |       |       |       ||   450
       Flail             |       |       |       |       |   442 |  1644 |  1120 |       ||  3206
       Broad axe         |       |       |       |       |       |       |   648 |  1160 ||  1808
Throw: Dart              |       |       |       |    77 |       |    79 |       |       ||   156
       Boomerang         |       |       |       |    68 |   118 |   161 |   228 |   235 ||   810
       Javelin           |       |       |       |       |    74 |    81 |       |       ||   155
       Throwing net      |       |       |       |       |       |     3 |       |       ||     3
Invok: Berserk           |     1 |     1 |     2 |     6 |    10 |     6 |       |     2 ||    28
       Trog's Hand       |       |       |     1 |    22 |    59 |   132 |   152 |    89 ||   455
       Brothers in Arms  |       |       |       |       |     4 |       |       |       ||     4
Evoke: Wand              |       |       |       |     2 |    36 |    34 |    10 |     5 ||    87
       Box of beasts     |       |       |       |       |     9 |     8 |     7 |     8 ||    32
       Lightning rod     |       |       |       |       |     4 |    26 |    35 |    12 ||    77
       Phantom mirror    |       |       |       |       |     1 |     8 |     7 |     7 ||    23
       Tin of tremorston |       |       |       |       |       |       |     4 |     5 ||     9
       Phial of floods   |       |       |       |       |       |       |       |     5 ||     5
  Use: Scroll            |       |     5 |     6 |    11 |    19 |    14 |    15 |    14 ||    84
       Potion            |       |       |       |       |     6 |     7 |    11 |    12 ||    36
 Stab: Sleeping          |     1 |     1 |       |       |       |       |       |       ||     2
       Invisible         |       |       |       |       |     7 |       |       |       ||     7
       Petrified         |       |       |       |       |     3 |     1 |       |       ||     4
       Distracted        |       |       |       |       |     1 |       |     5 |     1 ||     7
       Petrifying        |       |       |       |       |     1 |       |       |       ||     1
       Paralysed         |       |       |       |       |       |       |     1 |       ||     1
Armor: Leather armour    |     6 |     7 |       |       |       |       |       |       ||    13
       Ring mail         |       |     2 |       |       |       |       |       |       ||     2
       Chain mail        |       |     8 |    67 |   144 |    54 |       |       |       ||   273
       Swamp dragon scal |       |       |       |       |   162 |       |       |       ||   162
       Plate armour      |       |       |       |       |   250 |   864 |   679 |    34 ||  1827
       Gold dragon scale |       |       |       |       |       |       |       |   581 ||   581
Dodge: Dodged            |    29 |    33 |    71 |   298 |   517 |   823 |   587 |   326 ||  2684
Block: Buckler           |       |     3 |    39 |   139 |    99 |       |       |       ||   280
       Kite shield       |       |       |       |       |   822 |  1931 |  1511 |  1020 ||  5284
       Reflection        |       |       |       |       |    32 |   156 |   112 |    28 ||   328

Table legend: (Time is in decaauts)
 A = Elapsed time spent in this place.
 B = Non-inter-level travel time spent in this place.
 C = Inter-level travel time spent in this place.
 D = Time resting spent in this place.
 E = Time spent auto-exploring this place.
 F = Levels seen in this place.
 G = Mean time per level.
                   A        B        C        D        E       F      G
               +--------+--------+--------+--------+--------+-----+--------+
         Total |  87945 |  81555 |   6390 |  35361 |  28220 |  45 | 1954.3 |
       Dungeon |  22913 |  20709 |   2204 |   7514 |   9610 |  15 | 1527.5 |
          Lair |  12118 |  11135 |    983 |   4680 |   4101 |   6 | 2019.7 |
        Shoals |   7943 |   7438 |    505 |   3654 |   1841 |   4 | 1985.8 |
   Spider Nest |   9542 |   8627 |    915 |   4358 |   2065 |   4 | 2385.5 |
  Orcish Mines |   3651 |   3354 |    297 |   1539 |    845 |   2 | 1825.5 |
   Elven Halls |   4579 |   4319 |    260 |    723 |   2123 |   3 | 1526.3 |
        Vaults |  16777 |  16063 |    714 |   7914 |   4777 |   5 | 3355.4 |
        Depths |   7983 |   7475 |    508 |   3248 |   2618 |   4 | 1995.8 |
           Zot |   1343 |   1343 |      0 |    853 |    215 |   1 | 1343.0 |
      Ice Cave |   1092 |   1092 |      0 |    874 |     24 |   1 | 1092.0 |
               +--------+--------+--------+--------+--------+-----+--------+

Top non-repeatable levels by time:
Vaults:5: 4532 daAuts
Vaults:3: 4251 daAuts
Shoals:3: 4129 daAuts
  Lair:4: 3553 daAuts
Vaults:2: 3417 daAuts
Spider:2: 3367 daAuts
Spider:1: 2999 daAuts
   Orc:2: 2907 daAuts
Vaults:1: 2809 daAuts
    D:10: 2568 daAuts
     D:8: 2506 daAuts
Depths:2: 2445 daAuts
Depths:4: 2250 daAuts
    D:14: 2212 daAuts
    D:11: 2036 daAuts
